 Dungeon Sprint DCSS version 0.30.0-29-ga12c61a403 (webtiles) character file.

Game seed: 12012899784091091214

600000 boopmooplesden the Trooper (level 1, -13/19 HPs)
             Began as a Draconian Berserker on June 23, 2023.
             Was an Initiate of Makhleb.
             Mangled by a meat berserker
             ... wielding a +9 battleaxe
              (32 damage)
             ... in the Dungeon (Sprint VIII: "Arena of Blood").
             The game lasted 00:00:16 (6 turns).

boopmooplesden the Trooper (Draconian Berserker)       Turns: 6, Time: 00:00:18

Health: -13/19     AC:  4    Str: 19    XL:     1   Next: 0%
Magic:  1/1        EV: 12    Int:  7    God:    Makhleb [......]
Gold:   0          SH:  0    Dex: 10    Spells: 0/0 levels left

rFire   . . .        h - +∞ Axe of Woe
rCold   . . .        (shield currently unavailable)
rNeg    . . .        (body armour unavailable)
rPois   .            (helmet restricted)
rElec   .            (no cloak)
rCorr   .            (no gloves)
SInv    .            (no boots)
Will    .....        (no amulet)
Stlth   +            (no ring)
HPRegen 0.23/turn    (no ring)
MPRegen 0.07/turn

%: no teleportation
@: no status effects
A: AC +4, unfitting armour, cold-blooded
a: Renounce Religion


You were in the Dungeon.
You worshipped Makhleb.
Makhleb was noncommittal.
You visited 1 branch

Inventory:

Hand Weapons
 a - a +0 hand axe
 h - the +∞ Axe of Woe (weapon)
   (You found it in the Dungeon)
Scrolls
 g - a scroll of blinking
Potions
 b - a potion of curing
 c - a potion of heal wounds
 d - a potion of haste
 e - 2 potions of magic
 f - a potion of berserk rage


   Skills:
 + Level 3.2 Fighting
 + Level 3.0 Axes
 + Level 2.6 Dodging


You couldn't memorise any spells.
You didn't know any spells.
Your spell library was empty.

Dungeon Overview and Level Annotations

Branches:
Dungeon (1/1)

Altars:
Makhleb


Innate Abilities, Weirdness & Mutations

Your plain brown scales are hard. (AC +4)
You cannot fit into any form of body armour.
You are cold-blooded and may be slowed by cold attacks.


Message History

------------------------------------------------------------------------------ ------------------------------------------------------------------------------ -- -- -- The Arena Of Blood -- -- -- -- -- -- -- -- You descend into the pit of gibs and meat, -- -- The sunken abyss of the depraved, -- -- The mill of turgid gutspawn. -- -- The writhen instruments serve in adoration, -- -- Immured beneath a rotten throne. -- -- -- -- Before you lies the servitor of chaos, -- -- The cleaver, -- -- The blasphemer, -- -- The destroyer, -- -- The Axe of Woe. -- -- -- -- Vessel of Makhleb, -- -- You are the unmaker, -- -- You bring the rapture, -- -- The murmurs of the thralls rise... -- -- The theatre of blood begins. -- -- -- ------------------------------------------------------------------------------ ------------------------------------------------------------------------------ Welcome, boopmooplesden the Draconian Berserker.
Trog says: Kill them all!
Press ? for a list of commands and other information.
Found the +∞ Axe of Woe.
Found four burning altars of Makhleb.
Found a staircase leading out of the dungeon.
h - the +∞ Axe of Woe
h - the +∞ Axe of Woe (weapon)
You hear a shout! x10
A meat berserker comes into view. It is wielding a +9 battleaxe.
You hear a shout!
The bag of meat appears out of thin air!
A bag of meat comes into view. It is wielding a +9 war axe.
The bag of meat shouts!
You hear a shout! x3
There is a burning altar of Makhleb here.
You kneel at the altar of Makhleb.
You have lost your religion!
Trog does not appreciate desertion!
Makhleb welcomes you!
You hear a shout! x7
A bag of meat comes into view. It is wielding a +9 war axe.
The bag of meat shouts!
You hear a shout! x7
You slash the bag of meat!
You butcher the bag of meat messily.
You kill the bag of meat!
Makhleb accepts your kill.
You hear a shout! x6
The meat berserker hits you with a +9 battleaxe!!
Ouch! That really hurt!
You die...

.... ..... ..
#... .# . #...
..# ..###...
..###.
.......###......
........_......
#.@O..# #_.<._#
#.....#
....._......
......###......
..###... o.###.
. #... ..# #...
.# ..... ..


You could see a meat berserker (berserk) and a bag of meat.

Vanquished Creatures
  An orc (D)
1 creature vanquished.

Notes
Turn   | Place    | Note
-------+----------+-------------------------------------------
     0 | D        | Found the +∞ Axe of Woe
     0 | D        | boopmooplesden the Draconian Berserker began the quest for
                  | the Orb.
     0 | D        | Reached XP level 1. HP: 19/19 MP: 1/1
     2 | D        | Noticed a meat berserker
     3 | D        | Noticed a bag of meat
     4 | D        | Fell from the grace of Trog
     4 | D        | Became a worshipper of Makhleb the Destroyer
     5 | D        | Noticed a bag of meat
     6 | D        | Killed a bag of meat
     6 | D        | Mangled by a meat berserker

Illustrated notes

Levels and vault maps discovered:
D:        meatsprint

Action                     || total
---------------------------++-------
  Melee: Executioner's axe ||     1
